 Dungeon Crawl Stone Soup version 0.29.1-2-gbd0b4ee654 (webtiles) character file.

Game seed: 9854045612756458601

51 qeuew the Slasher (level 3, -2/28 HPs)
             Began as a Merfolk Gladiator on Nov 2, 2022.
             Slain by Crazy Yiuf
             ... wielding a +2 quarterstaff of chaos
              (8 damage)
             ... on level 2 of the Dungeon.
             The game lasted 00:02:06 (2399 turns).

qeuew the Slasher (Merfolk Gladiator)               Turns: 2399, Time: 00:02:07

Health: -2/28      AC:  8    Str: 14    XL:     3   Next: 83%
Magic:  0/3        EV: 13    Int:  7    God:
Gold:   78         SH:  0    Dex: 17    Spells: 2/2 levels left

rFire   . . .      SeeInvis .   a - +0 long sword
rCold   . . .      Faith    .   (no shield)
rNeg    . . .      Spirit   .   b - +0 leather armour
rPois   .          Reflect  .   c - +0 helmet
rElec   .          Harm     .   (no cloak)
rCorr   .          Rampage  .   (no gloves)
Will    .....                   (no boots)
Stlth   +.........              (no amulet)
HPRegen 0.09/turn               h - +4 ring of protection
MPRegen 0.08/turn               (no ring)

@: no status effects
A: (nimble swimmer 2), mertail
a: no special abilities


You were on level 2 of the Dungeon.
You visited 1 branch of the dungeon, and saw 2 of its levels.

You collected 78 gold pieces.

Inventory:

Hand Weapons
 a - a +0 long sword (weapon)
Missiles
 e - a javelin (quivered)
Armour
 b - a +0 leather armour (worn)
 c - a +0 helmet (worn)
Jewellery
 h - a +4 ring of protection (left hand)
Scrolls
 f - 2 scrolls of identify {unknown}
 j - a scroll of teleportation
 k - 3 scrolls of immolation {unknown}
 n - a scroll of poison
 o - a scroll of acquirement {unknown}
Potions
 g - 2 potions of degeneration {unknown}
 i - 3 potions of curing
 l - a potion of heal wounds
 m - a potion of flight {unknown}


   Skills:
 + Level 2.4 Fighting
 + Level 4.5 Long Blades
 + Level 2.1 Throwing
 * Level 1.1 Armour
 + Level 4.4 Dodging


You had 2 spell levels left.
You didn't know any spells.
Your spell library was empty.

Dungeon Overview and Level Annotations

Branches:
Dungeon (2/15)

Altars:

Shops:
D:2 (

Annotations:
D:2 Crazy Yiuf


Innate Abilities, Weirdness & Mutations

((You are very nimble when in or above water. (Stealth+, EV+, Speed+++)))
Your lower body shifts to a powerful aquatic tail in water.


Message History

o - a scroll labelled DEBBUB ULUEM
There is a stone staircase leading down here.
Crazy Yiuf shouts!
Could not explore, unopened runed door.
As you open the door, it creaks loudly!
You hit Crazy Yiuf.
Crazy Yiuf is moderately wounded.
Crazy Yiuf hits you with a +2 quarterstaff of chaos!
You feel your power leaking away.
You barely miss Crazy Yiuf.
Crazy Yiuf is moderately wounded.
Crazy Yiuf hits you with a +2 quarterstaff of chaos!
* * * LOW HITPOINT WARNING * * *
You hit Crazy Yiuf.
Crazy Yiuf is heavily wounded.
Crazy Yiuf misses you. Crazy Yiuf barely misses you.
You hit Crazy Yiuf but do no damage.
Crazy Yiuf is heavily wounded.
Crazy Yiuf whimpers, "Earwax spinner sizzlefizz!"
Crazy Yiuf hits you but does no damage.
Throw: 2 throwing nets
Press: ? - help, Q - select action, (/) - cycle Shift-Dir - straight line, f - Crazy Yiuf
Aim: Crazy Yiuf, wielding a +2 quarterstaff of chaos and wearing a +0 cloak (heavily wounded, 65% to hit)
You throw a throwing net.
The throwing net closely misses Crazy Yiuf.
Crazy Yiuf completely misses you.
Throw: throwing net
Press: ? - help, Q - select action, (/) - cycle Shift-Dir - straight line, f/p - Crazy Yiuf
Aim: Crazy Yiuf, wielding a +2 quarterstaff of chaos and wearing a +0 cloak (heavily wounded, 65% to hit)
You throw a throwing net.
The throwing net closely misses Crazy Yiuf.
Crazy Yiuf sings, "Trees, trees, trees, circus!"
Crazy Yiuf barely misses you.
You closely miss Crazy Yiuf.
Crazy Yiuf is heavily wounded.
Crazy Yiuf barely misses you.
You hit Crazy Yiuf.
Crazy Yiuf is heavily wounded.
Crazy Yiuf hits you with a +2 quarterstaff of chaos!
You die...

..'............#.#
#.#.#
##################
#.#.# #..........#
#.#.# ##.#######.#
##### #######.#.#
...# #.....# #)(.#
#.......#.# ####
#.##### #...#
#########.# #.#
... #.....# #.#
#.# #g# #####.#
#.# #.# ♣@♣♣ #.#
#.# ######.#####
♣♣.♣ #####.###.#
...........# ♣.♣♣
#..>#...#.#
.......##### ♣♣.♣
###.###.#.#
############ ♣♣.♣♣
#.# #.#.#
...........#
♣♣...♣ ###.###.#.#
##########.#
♣....♣ #.......#.#
......# #.# ##..##
###.#####.##
....#.#
#.####....#
#...........


You could see Crazy Yiuf.

Vanquished Creatures
  Terence (D:2)
  A worm (D:2)
  2 endoplasms
  A giant cockroach (D:2)
  2 goblins
  A hobgoblin (D:1)
  5 kobolds
  A quokka (D:1)
  3 ball pythons
  2 bats (D:1)
  A frilled lizard (D:1)
  5 rats (D:1)
25 creatures vanquished.

Notes
Turn   | Place    | Note
-------+----------+-------------------------------------------
     0 | D:1      | qeuew the Merfolk Gladiator began the quest for the Orb.
     0 | D:1      | Reached XP level 1. HP: 16/16 MP: 1/1
    84 | D:1      | Found a faded altar of an unknown god.
   256 | D:1      | Reached XP level 2. HP: 21/22 MP: 2/2
  1161 | D:2      | Found Hiosheude's Antique Weapon Emporium.
  1397 | D:2      | Reached XP level 3. HP: 24/28 MP: 3/3
  1514 | D:2      | Noticed Terence
  1523 | D:2      | Killed Terence
  1524 | D:2      | Reached skill level 1 in Armour
  1813 | D:2      | Found a runed translucent door.
  1814 | D:2      | Noticed Crazy Yiuf
  2399 | D:2      | Slain by Crazy Yiuf

Illustrated notes

Levels and vault maps discovered:
D:1:      dpeg_arrival_court, layout_basic, basic_ecumenical_altar
D:2:      layout_basic, serial_shops, nicolae_shop_hallway_plus, uniq_terence,
          uniq_crazy_yiuf_cottage

Skill      XL: |  1  2  3 |
---------------+----------+-----
Long Blades    | 4 |  4.5
Armour         | 1 |  1.1
Fighting       | |  2.4
Throwing       | |  2.1
Dodging        | |  4.4

Action                   || total
-------------------------++-------
Melee: Long sword        ||    72
Throw: Throwing net      ||     3
  Use: Potion            ||     5
       Scroll            ||     3
 Stab: Sleeping          ||     2
Armor: Leather armour    ||    17
Dodge: Dodged            ||    38
